 Dungeon Crawl Stone Soup version 0.30-a0-591-g3c58d2bc28 (webtiles) character file.

Game seed: 454506407265920906

1798 spardeous the Nimble (level 8, -2/34 HPs)
             Began as a Felid Earth Elementalist on Jan 6, 2023.
             Was an Initiate of Gozag.
             Shot with a bolt by an orc warrior (8 damage)
             ... on level 7 of the Dungeon.
             The game lasted 00:12:00 (6713 turns).

spardeous the Nimble (Felid Earth Elementalist)     Turns: 6713, Time: 00:12:00

Health: -2/34      AC:  2    Str:  8    XL:     8   Next: 83%
Magic:  9/12       EV: 24    Int: 17    God:    Gozag
Gold:   894        SH:  9    Dex: 16    Spells: 10/11 levels left
                                        Lives:  0   Deaths: 2

rFire   . . .      SeeInvis +    (weapon unavailable)
rCold   . . .      Faith    .    (shield unavailable)
rNeg    . . .      Spirit   .    (body armour unavailable)
rPois   .          Reflect  +    (helmet unavailable)
rElec   .          Harm     .    (cloak unavailable)
rCorr   .          Rampage  .    (gloves unavailable)
Will    ++...                    (boots unavailable)
Stlth   ++                       b - amulet of reflection
HPRegen 0.25/turn                z - ring of willpower
MPRegen 0.13/turn                (no ring)

@: gold aura, quick
A: very small, claws 1, fangs 3, see invisible, speed 1, shaggy fur 2, stealthy
paws, no weapons or thrown items, no armour, multi-lived, large bone plates 1,
robust 1, strong 1, wild magic 1
a: Renounce Religion, Potion Petition, Call Merchant, Bribe Branch


You were on level 7 of the Dungeon.
You worshipped Gozag.
Gozag was pleased with you.
You visited 2 branches of the dungeon, and saw 8 of its levels.

You collected 990 gold pieces.
You paid 96 gold pieces to Gozag.

Inventory:

Jewellery
 b - an amulet of reflection (around neck)
 e - a ring of fire
 z - a ring of willpower (left paw)
Wands
 r - a wand of iceblast (20)
Scrolls
 c - a scroll of enchant armour {unknown}
 f - 4 scrolls of teleportation {unknown}
 g - 2 scrolls of poison {unknown}
 j - 2 scrolls of enchant weapon {unknown}
 k - 2 scrolls of amnesia {unknown}
 l - 7 scrolls of identify {unknown}
 n - 3 scrolls of magic mapping {unknown}
 p - 2 scrolls of fear {unknown}
 q - a scroll of noise {unknown}
 u - a scroll of torment {unknown}
 x - 2 scrolls of immolation {unknown}
 y - a scroll of vulnerability {unknown}
Potions
 a - 2 potions of magic
 d - 4 potions of might
 h - 5 potions of curing {unknown}
 i - 4 potions of mutation
 m - a potion of ambrosia {unknown}
 o - 2 potions of flight
 s - a potion of lignification {unknown}
 t - a potion of haste {unknown}
 v - a potion of attraction {unknown}
 w - a potion of invisibility {unknown}


   Skills:
 + Level 11.5 Dodging
 - Level 2.6 Stealth
 - Level 2.0 Spellcasting
 - Level 1.1 Transmutations
 + Level 8.4 Earth Magic


You had 10 spell levels left.
You knew the following spells:

 Your Spells              Type           Power      Damage    Failure   Level
a - Sandblast             Erth           78%        2d17      1%          1

Your spell library contained the following spells:

 Spells                   Type           Power      Damage    Failure   Level
 Passwall                 Tmut/Erth      19%        N/A       7%          2
 Stone Arrow              Conj/Erth      40%        3d9       16%         3
 Petrify                  Tmut/Erth      23%        N/A       34%         4
 Sublimation of Blood     Necr           2%         N/A       36%         2
 Hailstorm                Conj/Ice       2%         3d3       58%         3
 Inner Flame              Hex/Fire       2%         N/A       58%         3
 Ice Form                 Ice/Tmut       4%         N/A       88%         4
 Cause Fear               Hex            1%         N/A       92%         4
 Irradiate                Conj/Tmut      2%         3d12      99%         5
 Discord                  Hex            1%         N/A       100%        8
 Chain Lightning          Conj/Air       1%         3d1       100%        9
 Fire Storm               Conj/Fire      1%         7d1       100%        9
 Shatter                  Erth           19%        3d18*     100%        9
 Simulacrum               Ice/Necr       Unusable   N/A       N/A         6

Dungeon Overview and Level Annotations

Branches:
Dungeon (7/15)             Temple (1/1) D:4

Altars:
Ashenzari
Elyvilon
Fedhas
Gozag
Hepliaklqana
Kikubaaqudgha
Makhleb
Nemelex Xobeh
Okawaru
Qazlal
Ru
Sif Muna
Trog
Uskayaw
Vehumet
Wu Jian
Xom
Yredelemnul
Zin
The Shining One

Shops:
D:1 (:   D:3 =


Innate Abilities, Weirdness & Mutations

You have sharp claws.
You have razor-sharp teeth.
You have supernaturally acute eyesight. (SInv)
You cover ground quickly. (Speed+)
You are covered in thick fur. (AC +2)
Your paws help you pounce on unaware monsters.
You are incapable of wielding weapons or throwing items.
You cannot wear armour.
You gain extra lives every three experience levels.
You are partially covered in large bone plates. (SH +4)
You are robust. (+10% HP)
Your muscles are strong. (Str +4, Int/Dex -1)
Your spells are a little harder to cast, but a little more powerful.


Message History

Press: ? - help, Shift-Dir - straight line, f/p - water moccasin
Aim: a water moccasin (heavily wounded, 73% to hit)
The blast of sand hits the water moccasin.
The water moccasin is severely wounded.
The water moccasin bites you! The water moccasin barely misses you.
Casting: Sandblast (safe; 1% risk of failure)
Confirm with . or Enter, or press ? or * to list all spells.
Aiming: Sandblast (safe; 1% risk of failure)
Press: ? - help, Shift-Dir - straight line, f/p - water moccasin
Aim: a water moccasin (severely wounded, 73% to hit)
The blast of sand hits the water moccasin!!
You kill the water moccasin!
An orc warrior comes into view. It is wielding a +0 glaive.
The orc warrior shouts!
The orc warrior unwields a +0 glaive.
The orc warrior wields a +1 arbalest of freezing.
It is covered in frost.
The orc warrior shoots a bolt.
The bolt misses you.
The troll is distracted by your dazzling golden aura.
The orc warrior shoots a bolt.
You reflect the bolt off an invisible shield around you!
The bolt barely misses the orc warrior.
The orc warrior shoots a bolt.
The bolt hits you. The bolt freezes you.
The kobold brigand throws a poisoned dart.
You reflect the poisoned dart off an invisible shield around you!
The poisoned dart hits the kobold brigand.
The kobold brigand is poisoned.
The troll shouts!
You see here a +0 helmet.
The orc warrior unwields a +1 arbalest of freezing.
The orc warrior wields a +0 glaive.
The orc warrior completely misses you.
The orc warrior unwields a +0 glaive.
The orc warrior wields a +1 arbalest of freezing.
It is covered in frost.
The orc warrior shoots a bolt.
The bolt closely misses you.
The orc warrior shoots a bolt.
The bolt hits you!!
Ouch! That really hurt!
* * * LOW HITPOINT WARNING * * *
The bolt freezes you!
You die...
Your body crumbles into a pile of gold.

#..##..#..#
##..##.#K.#
##..#.#..#
##.#.#[.# +#
#.#'.o..#####
#.#
##.#.......(.#
#[.# $
##..#.#######.#
#..#####..##.#
#..#.#..##@.#
#..#..##..##
#..###'###..##
#.........##
#######.########
#.<..>....
##########


You could see an orc warrior and a kobold brigand (poisoned).

Vanquished Creatures
  Sigmund (D:2)
  A wraith (D:6)
  3 water moccasins
  2 phantoms
  A bullfrog (D:7)
  A gnoll sergeant (D:4)
  5 scorpions
  2 howler monkeys (D:4)
  7 hounds
  2 jellies
  An iron imp (D:5)
  5 orc priests
  An iguana (D:6)
  5 orc wizards
  7 adders
  15 gnolls (D:4)
  A worm (D:5)
  3 dart slugs
  36 orcs
  2 bats (D:1)
  7 endoplasms
  3 giant cockroaches
  10 goblins
  7 hobgoblins
  17 jackals
  2 quokkas (D:1)
  6 ball pythons
  2 frilled lizards (D:1)
  2 goblin skeletons (D:5)
  3 goblin zombies (D:5)
  A hobgoblin zombie (D:5)
  7 kobolds
  A kobold skeleton (D:5)
  An orc zombie (D:5)
  4 rats
174 creatures vanquished.

Vanquished Creatures (others)
  A plant (D:4)
1 creature vanquished.

Grand Total: 175 creatures vanquished

Notes
Turn   | Place    | Note
-------+----------+-------------------------------------------
     0 | D:1      | spardeous the Felid Earth Elementalist began the quest for
                  | the Orb.
     0 | D:1      | Reached XP level 1. HP: 7/7 MP: 4/4
    68 | D:1      | Reached skill level 3 in Dodging
   166 | D:1      | Reached XP level 2. HP: 11/11 MP: 1/6
   506 | D:1      | Found Yluic's Antique Weapon Shoppe.
   605 | D:1      | Found a faded altar of an unknown god.
   607 | D:1      | Found Eginakha's Vocational Training.
   640 | D:1      | Reached XP level 3. HP: 14/14 MP: 4/7
   923 | D:3      | Found Ogyahada's Jewellery Boutique.
   979 | D:3      | Reached skill level 4 in Dodging
  1070 | D:4      | Noticed a phantom
  1092 | D:4      | Killed a phantom
  1093 | D:4      | Reached skill level 5 in Dodging
  1093 | D:4      | Reached XP level 4. HP: 18/18 MP: 4/8
  1161 | D:4      | Noticed a scorpion
  1260 | D:4      | Killed a scorpion
  1261 | D:4      | Reached XP level 5. HP: 21/21 MP: 2/9
  1453 | D:4      | Reached skill level 6 in Dodging
  1593 | D:4      | Gained mutation: You are covered in thick fur. (AC +2)
                  | [Felid growth]
  1593 | D:4      | Reached XP level 6. HP: 24/24 MP: 6/10
  1710 | D:4      | Reached skill level 5 in Earth Magic
  1975 | D:4      | Reached skill level 7 in Dodging
  2323 | D:4      | Reached XP level 7. HP: 27/27 MP: 7/11
  2382 | D:4      | Slain by a gnoll sergeant
  2383 | D:4      | Reached XP level 6. HP: -2/24 MP: 0/10
  2424 | D:4      | Gained mutation: You are partially covered in large bone
                  | plates. (SH +4) [potion of mutation]
  2424 | D:4      | Gained mutation: You have hidden genetic potential. [potion
                  | of mutation]
  2424 | D:4      | Gained mutation: Your spells are a little harder to cast,
                  | but a little more powerful. [potion of mutation]
  2424 | D:4      | HP: 1/24 [poisoned by a scorpion]
  2425 | D:4      | Succumbed to a scorpion's poison
  2426 | D:4      | Reached XP level 5. HP: 0/21 MP: 3/9
  2426 | D:4      | Found a staircase to the Ecumenical Temple.
  2438 | Temple   | Entered the Ecumenical Temple
  2509 | Temple   | Became a worshipper of Gozag Ym Sagoz the Greedy
  2977 | D:4      | Reached skill level 8 in Dodging
  2977 | D:4      | Reached XP level 6. HP: 19/24 MP: 6/10
  3747 | D:2      | Found a sparkling altar of Nemelex Xobeh.
  3924 | D:2      | Noticed Sigmund
  3928 | D:2      | Killed Sigmund
  3947 | D:2      | Gained mutation: You are robust. (+10% HP) [hidden
                  | potential]
  3974 | D:2      | Reached XP level 7. HP: 29/29 MP: 9/11
  4034 | D:2      | Reached skill level 9 in Dodging
  4559 | D:5      | Entered Level 5 of the Dungeon
  4626 | D:5      | Found a glowing golden altar of the Shining One.
  5327 | D:6      | Found a blossoming altar of Fedhas.
  5363 | D:6      | Gained mutation: Your muscles are strong. (Str +4, Int/Dex
                  | -1) [hidden potential]
  5363 | D:6      | Lost mutation: You have hidden genetic potential. [hidden
                  | potential expressed]
  5519 | D:6      | Reached skill level 10 in Dodging
  5637 | D:6      | Reached XP level 8. HP: 34/34 MP: 8/12
  5921 | D:6      | Found a glowing silver altar of Zin.
  6352 | D:7      | Reached skill level 11 in Dodging
  6679 | D:7      | Noticed a troll
  6680 | D:7      | Noticed a troll
  6713 | D:7      | Shot with a bolt by an orc warrior

Illustrated notes

Levels and vault maps discovered:
D:1:      minmay_arrival_glassed_features, layout_basic,
          ebering_ecumenical_altar_rust, serial_shops,
          nicolae_shop_advertising_works [nicolae_subvault_shop_adworks],
          nrook_loot_triangle, chequers_garden, st_stairs_11,
          minmay_misc_feat_chi, nicolae_shop_vocational
D:2:      layout_loops_corners, basic_altar, uniq_sigmund
D:3:      layout_rooms, serial_shops, shop
D:4:      lemuel_castle_with_subvaults [lemuel_castle_interior_carwin_2],
          layout_loops_corners, minmay_temple_entry_mini_moons
D:5:      layout_rooms, nicolae_tso_besieged_by_evil
D:6:      layout_cave_pods, zin_academy, mainiacjoe_overflow_24_doors
D:7:      minmay_the_grid_octo_triangle [minmay_the_grid_octo_checkered,
          minmay_the_grid_octo_prize_ultimate_mussel_roller,
          minmay_the_grid_octo_fat_diamond], layout_loops_ring,
          nicolae_dithmenos_shadow_blocks, nemelex_dance_club_becter,
          nicolae_shop_firing_range
Temple:   nicolae_temple_bog_church

Skill      XL: |  1  2  3  4  5  6  7  8 |
---------------+-------------------------+-----
Dodging        | 3 5 8 7 10 11 | 11.5
Earth Magic    | 3 4 6 5 7 8 |  8.4
Stealth        | |  2.6
Spellcasting   | |  2.0
Transmutations | |  1.1

Action                   |  1- 3 |  4- 6 |  7- 9 || total
-------------------------+-------+-------+-------++-------
Melee: Unarmed           |    19 |     6 |     2 ||    27
       Bite              |     3 |     1 |       ||     4
 Cast: Sandblast         |    49 |   154 |   130 ||   333
  Use: Potion            |       |     3 |       ||     3
Armor: Skin              |       |     5 |       ||     5
Dodge: Dodged            |    19 |    61 |    69 ||   149
Block: Other             |     5 |    17 |    34 ||    56
       Reflection        |     1 |     2 |     2 ||     5

Table legend: (Time is in decaauts)
 A = Elapsed time spent in this place.
 B = Non-inter-level travel time spent in this place.
 C = Inter-level travel time spent in this place.
 D = Time resting spent in this place.
 E = Time spent auto-exploring this place.
 F = Levels seen in this place.
 G = Mean time per level.
                   A        B        C        D        E       F      G
               +--------+--------+--------+--------+--------+-----+--------+
         Total |   6050 |   5872 |    178 |    502 |   3808 |   8 |  756.2 |
       Dungeon |   5974 |   5814 |    160 |    502 |   3764 |   7 |  853.4 |
        Temple |     76 |     59 |     17 |      0 |     43 |   1 |   76.0 |
               +--------+--------+--------+--------+--------+-----+--------+

Top non-repeatable levels by time:
     D:4: 1853 daAuts
     D:6: 1147 daAuts
     D:1: 834 daAuts
     D:2: 791 daAuts
     D:5: 617 daAuts
     D:3: 543 daAuts
     D:7: 186 daAuts
  Temple: 76 daAuts
